Match 32904638
Unlisted

Match 32904638
End
Construct Infanterie Kompanie
Grenadier Squad
Grenadier Squad
MG 42 Machine Gun Team
Grenadier Squad
Construct Luftwaffe Kompanie
Jäger Squad
Jäger Squad
Luftwaffe Officer Quarters
Flak 30 Anti-aircraft Gun Team
Jäger Squad
Medical Bunker
Forward Retreat Point
Construct Panzer Kompanie
Selects Mechanized Battlegroup
Selects Spotting Scopes
Selects Wespe Self-propelled Artillery
Selects Raid Package
Selects 8 Rad Armored Car
Selects UNKNOWN (2160084)
Wespe Self-propelled Artillery
Selects Zeroing Artillery Barrage
Zeroing Artillery Barrage
Panther Heavy Tank
Jäger Squad
Repair Bunker
Zeroing Artillery Barrage
Zeroing Artillery Barrage
Panther Heavy Tank
Bruistablet
MiskendTalent
Jarekk
Krzemyk
0
0

Comments sign in to comment!

No comments posted yet!